[Event "*** Titled Tuesday Blitz"]
[Site "Chess.com"]
[Date "2019.12.03"]
[Round "1"]
[White "pouya21"]
[Black "MFBerna"]
[Result "1-0"]
[WhiteElo "2707"]
[BlackElo "2340"]
[TimeControl "180+2"]
[EndTime "13:06:05 PST"]
[Termination "pouya21 won by resignation"]

1. e4 c5 2. Nf3 Nc6 3. Bb5 e6 4.
O-O Nge7 5. d4 cxd4 6. Nxd4 Nxd4 7. Qxd4 a6 8. Be2 Nc6 9. Qe3 d6 10. Rd1 Be7 11. Qg3 Ne5 12. Bf4 Bf6 13. Qa3 Qc7 14.
Nc3 O-O 15. Qxd6 Qxd6 16. Rxd6 b5 17. a3 Bb7 18. Rad1 Rac8 19. Rb6 Ng6 20. Bd6 Bxc3 21. bxc3 Bxe4 22. Bxf8 Kxf8 23. Rxa6 Rxc3 24. Bxb5 Nf4 25. f3 Bd5 26. Bd3 g5 27. Rd2 h5 28. Kf2 g4 29. fxg4 hxg4 30. Kg3 Nxd3 31. cxd3 Bc4 32.
Rc6 Rxd3+ 33. Rxd3 Bxd3 1-0

[Event "*** Titled Tuesday Blitz"]
[Site "Chess.com"]
[Date "2019.12.03"]
[Round "1"]
[White "ChessBitl"]
[Black "yavrukurt40"]
[Result "0-1"]
[WhiteElo "2379"]
[BlackElo "2753"]
[TimeControl "180+2"]
[EndTime "13:06:06 PST"]
[Termination "yavrukurt40 won by resignation"]

1. e4 g6 2. d4 Bg7 3. c4 d6 4.
Nc3 Nf6 5. f3 O-O 6. Be3 Nbd7 7.
Qd2 c5 8. d5 a6 9. Bd3 Rb8 10.
Nge2 Ne5 11. O-O Bd7 12. a4 Ne8 13. b3 Nc7 14. a5 Nxd3 15. Qxd3 b5 16. axb6 Rxb6 17.
Ra3 Qb8 18. Rb1 Qb7 19. Na4 Bxa4 20. Rxa4 Rb8 21. Nc1 Ne8 22. f4 Nf6 23. Bd2 Nd7 24. Ba5 Rb4 25. Bxb4 cxb4 26. Ne2 Nc5 27. Qd2 Nxa4 28.
bxa4 Qb6+ 29. Kh1 Qf2 30. Qd3 b3 31. e5 dxe5 32. fxe5 Bxe5 33. Ng3 b2 34. Ne4 Qf4 35. g3 Qc1+ 36. Kg2 Rb3 37. Qxb3 Qxb1 38. Nd2 Qc1 39. Qd3 Qxd2+ 40. Qxd2 b1=Q 41. c5 Qe4+ 42. Kh3 Qxa4 43. d6 exd6 44. cxd6 Qd7+ 45. Kg2 Qxd6 0-1

[Event "*** Titled Tuesday Blitz"]
[Site "Chess.com"]
[Date "2019.12.03"]
[Round "1"]
[White "Benjoneliere44"]
[Black "Oleksandr_Bortnyk"]
[Result "0-1"]
[WhiteElo "2492"]
[BlackElo "2926"]
[TimeControl "180+2"]
[EndTime "13:06:09 PST"]
[Termination "Oleksandr_Bortnyk won by resignation"]

1. e4 Nf6 2. e5 Nd5 3. d4 d6 4.
c4 Nb6 5. exd6 exd6 6. Bd3 Be7 7.
Ne2 Bg4 8. f3 Bh4+ 9. g3 Bxf3 10. O-O Bxe2 11. Qxe2+ Be7 12. Bg5 Nc6 13. Bxe7 Qxe7 14.
Qxe7+ Kxe7 15. c5 dxc5 16. dxc5 Na4 17. Bb5 Nxc5 18. Nc3 Rhd8 19. Bxc6 bxc6 20. Rae1+ Ne6 21. Re2 Rd4 22. Rc1 Rad8 23. Kf2 Rd2 24. Rc2 Rxc2 25. Rxc2 h5 26. Ne4 Nd4 27. Rd2 Rd5 28. b4 Ne6 29.
Rc2 Rd4 30. Nc5 Rxb4 31. Nxe6 fxe6 32. Rxc6 Rb2+ 33. Kf3 Rxa2 34. Rxc7+ Kf6 35. h4 a5 36. Ra7 a4 37. g4 hxg4+ 38. Kxg4 a3 39. Kh5 Ra1 40.
Ra5 a2 41. Ra4 e5 42. Ra5 e4 0-1

[Event "*** Titled Tuesday Blitz"]
[Site "Chess.com"]
[Date "2019.12.03"]
[Round "1"]
[White "Eltaj_Safarli"]
[Black "kleopl"]
[Result "1-0"]
[WhiteElo "2984"]
[BlackElo "2502"]
[TimeControl "180+2"]
[EndTime "13:06:10 PST"]
[Termination "Eltaj_Safarli won by resignation"]

1. e4 c6 2. d4 d5 3. exd5 cxd5 4.
c4 Nf6 5. Nc3 g6 6. Qb3 Bg7 7.
cxd5 O-O 8. Be2 Nbd7 9. Bf3 Nb6 10. Bg5 Qd6 11. Nge2 Rd8 12. Bf4 Qd7 13. d6 exd6 14. O-O h6 15. h4 d5 16. Be5 Ne8 17. Rad1 Nc7 18. Rfe1 Ne6 19. a4 Nc4 20. Nxd5 Nd6 21.
Nf6+ Bxf6 22. Bxf6 Re8 23. Ng3 Rb8 24. d5 Nc5 25. Qb4 b6 26. Qf4 Rxe1+ 27. Rxe1 Kh7 28. Re7 Nd3 29. Rxd7 Nxf4 30. Rd8 g5 31. h5 Nxh5 32. Bxh5 1-0

[Event "*** Titled Tuesday Blitz"]
[Site "Chess.com"]
[Date "2019.12.03"]
[Round "1"]
[White "Dhaydon19"]
[Black "Chempiblinka"]
[Result "1-0"]
[WhiteElo "2632"]
[BlackElo "2293"]
[TimeControl "180+2"]
[EndTime "13:06:10 PST"]
[Termination "Dhaydon19 won by resignation"]

1. e4 c5 2. Nf3 d6 3. Bb5+ Bd7 4. Bxd7+ Nxd7 5. d4 cxd4 6. Qxd4 Ngf6 7. c3 Qb6 8.
Nbd2 e5 9. Qxb6 Nxb6 10. O-O Be7 11. Rd1 O-O 12. c4 Rfc8 13. b3 a5 14. Bb2 a4 15.
Ne1 Nfd7 16. Nd3 g6 17. Nf3 f6 18. Nfe1 Kf7 19. f3 Bf8 20. Nc2 d5 21. exd5 Nxd5 22. Nxe5+ Nxe5 23. Rxd5 axb3 24. axb3 Rxa1+ 25. Bxa1 Bc5+ 26. Kf1 Ke6 27. Bxe5 fxe5 28. Ne1 Bd4 29. Nd3 Ra8 30. f4 Ra1+ 31. Ke2 Ra2+ 32. Kf3 Ra3 33. fxe5 Bg1 34. Rb5 b6 35. Nf4+ Kd7 36. e6+ Kc6 37. e7 Ra8 38.
Nd5 Re8 39. b4 Kd6 40. Nxb6 Bxb6 41. Rxb6+ Kxe7 42. Rb7+ Kd6 43. Rxh7 Rb8 44. c5+ Kd5 45. Rh4 g5 46. Rg4 Ke6 47. Rd4 Ra8 48. c6 Ra3+ 49. Kg4 Rc3 50. b5 Rc5 51. Rb4 1-0

[Event "*** Titled Tuesday Blitz"]
[Site "Chess.com"]
[Date "2019.12.03"]
[Round "1"]
[White "Gentlejimmy7"]
[Black "CzechmVIII"]
[Result "1-0"]
[WhiteElo "2559"]
[BlackElo "2123"]
[TimeControl "180+2"]
[EndTime "13:06:11 PST"]
[Termination "Gentlejimmy7 won by resignation"]

1. d4 Nf6 2. Nf3 c5 3. d5 b5 4. e4 Nxe4 5. Nbd2 Nxd2 6. Qxd2 a6 7. b3 d6 8. Bb2 e5 9. dxe6 Bxe6 10. a4 b4 11. Bd3 Be7 12. Bxg7 Rg8 13. Qh6 Nd7 14. Bxh7 Rxg7 15. Qxg7 Bf6 16. Qg8+ Nf8 17. O-O-O c4 18.
Rhe1 cxb3 19. Bg6 Bg5+ 20. Kb1 bxc2+ 21. Kxc2 Qc8+ 22. Kb1 fxg6 23. Nxg5 Kd7 24. Rxe6 Nxe6 25. Qxe6+ Kc7 26. Rc1+ Kb7 27. Rxc8 Rxc8 28. Qxd6 1-0

[Event "*** Titled Tuesday Blitz"]
[Site "Chess.com"]
[Date "2019.12.03"]
[Round "1"]
[White "WorldChampionBulletChess"]
[Black "arminmusovic"]
[Result "0-1"]
[WhiteElo "2075"]
[BlackElo "2537"]
[TimeControl "180+2"]
[EndTime "13:06:14 PST"]
[Termination "arminmusovic won by resignation"]

1. d4 d5 2. Nf3 Nf6 3. Bf4 c5 4. c3 Nc6 5. e3 cxd4 6. exd4 a6 7. Bd3 Bg4 8. O-O e6 9. h3 Bh5 10. Re1 Bd6 11. Be5 Bxe5 12. dxe5 Nd7 13. g4 Bg6 14. Na3 Qc7 15. c4 Ndxe5 16. Nxe5 Nxe5 17. Bxg6 hxg6 18. cxd5 Rd8 19. Rc1 Qb8 20. Qa4+ b5 21. Qf4 Nd3 22. Qe4 Rxh3 23. f4 Qa7+ 24. Kg2 Qf2+ 25. Kxh3 Nxf4+ 26. Qxf4 Qxf4 0-1

[Event "*** Titled Tuesday Blitz"]
[Site "Chess.com"]
[Date "2019.12.03"]
[Round "1"]
[White "rogapa"]
[Black "Noam_Vitenberg"]
[Result "1-0"]
[WhiteElo "2726"]
[BlackElo "2353"]
[TimeControl "180+2"]
[EndTime "13:06:16 PST"]
[Termination "rogapa won by resignation"]

1. e4 c6 2. d4 d5 3. e5 Bf5 4. Nf3 e6 5. Be2 Ne7 6. O-O c5 7. Be3 Nec6 8. c3 Nd7 9. Nbd2 Qb6 10. Nh4 Bg6 11. Nxg6 hxg6 12. Nf3 Qxb2 13. Rb1 Qxc3 14.
Rxb7 Be7 15. Qa4 Rc8 16. Bb5 O-O 17. Rxd7 cxd4 18. Nxd4 Nxd4 19. Bxd4 Qb4 20. Qxb4 Bxb4 21. Rxa7 Rc2 22. a3 Bd2 23. g3 Rfc8 24. a4 Ra2 25.
Rb1 Rcc2 26. Bd3 Rc1+ 27. Rxc1 1-0

[Event "*** Titled Tuesday Blitz"]
[Site "Chess.com"]
[Date "2019.12.03"]
[Round "1"]
[White "Sanan_Sjugirov"]
[Black "GameOverBro"]
[Result "1-0"]
[WhiteElo "2908"]
[BlackElo "2485"]
[TimeControl "180+2"]
[EndTime "13:06:20 PST"]
[Termination "Sanan_Sjugirov won by resignation"]

1. d4 d6 2. e4 Nf6 3. Nc3 e5 4. Nf3 Nbd7 5. Rg1 c6 6. g4 exd4 7. Nxd4 g6 8. g5 Nh5 9. Be2 Ng7 10. Be3 Nc5 11. Qd2 Nge6 12. O-O-O Qa5 13. f4 Na4 14. Nxa4 Qxa4 15. a3 Bd7 16. Nxe6 Bxe6 17. Bd4 Rg8 18. Rgf1 O-O-O 19. f5 Bc4 20. Bxc4 Qxc4 21. Bxa7 Qxe4 22. Bb6 Re8 23. Rde1 1-0

[Event "*** Titled Tuesday Blitz"]
[Site "Chess.com"]
[Date "2019.12.03"]
[Round "1"]
[White "Niklas2304"]
[Black "Vuk2000"]
[Result "0-1"]
[WhiteElo "2393"]
[BlackElo "2762"]
[TimeControl "180+2"]
[EndTime "13:06:23 PST"]
[Termination "Vuk2000 won by resignation"]

1. e4 d5 2. exd5 Qxd5 3. Nf3 Bg4 4. Be2 Nc6 5. h3 Bxf3 6. Bxf3 Qe6+ 7. Qe2 Qxe2+ 8. Bxe2 Nd4 9. Bd1 e5 10. O-O O-O-O 11. Re1 f6 12. d3 g6 13. c3 Nc6 14.
Bc2 Bh6 15. Na3 Bxc1 16. Raxc1 Nge7 17. b4 Nd5 18. b5 Nce7 19. Bb3 Nf4 20. d4 Nd3 21.
dxe5 fxe5 22. Bc4 Nxc1 23. Rxc1 Nd5 24. Re1 Nxc3 25. Rxe5 Rhe8 26. Rg5 Ne4 27. Rg4 Rd1+ 28. Kh2 Nxf2 29. Rf4 Rh1+ 30. Kg3 Ne4+ 31. Kg4 h5+ 32. Kf3 Nd2+ 33. Kg3 Re3+ 34. Kh4 Rxa3 35. Be6+ Kd8 36. Rd4+ Ke7 37. Bd5 Rd1 38. Rf4 0-1

[Event "*** Titled Tuesday Blitz"]
[Site "Chess.com"]
[Date "2019.12.03"]
[Round "1"]
[White "LuckIsMySkill"]
[Black "Chessmatus"]
[Result "0-1"]
[WhiteElo "2728"]
[BlackElo "2389"]
[TimeControl "180+2"]
[EndTime "13:06:23 PST"]
[Termination "Chessmatus won by resignation"]

1. f4 c5 2. Nf3 Nc6 3. b3 Nf6 4. Bb2 g6 5. e3 Bg7 6. Bb5 O-O 7. O-O a6 8. Bxc6 bxc6 9. a4 d6 10. Qe2 a5 11. d3 Rb8 12. Nbd2 Ba6 13. g3 Nd5 14. Bxg7 Kxg7 15. e4 Nb4 16. Nc4 Bxc4 17. bxc4 d5 18. c3 dxe4 19. dxe4 Qd3 20. Kf2 Qxc3 21.
Rfd1 Rbd8 22. Ne1 Rd4 23. Rac1 Qb3 24. Nf3 Nd3+ 25. Kg2 Nxc1 26. Rxc1 Rd6 27. Kh3 Rfd8 28. f5 Rd1 29. Rxd1 Qxd1 30. Qb2+ f6 31. Qb7 Qd7 32. Qb6 gxf5 33. e5 f4+ 34. Kh4 fxe5 35. Nxe5 Qd6 36. gxf4 Qf6+ 37. Kg3 Rd4 0-1

[Event "*** Titled Tuesday Blitz"]
[Site "Chess.com"]
[Date "2019.12.03"]
[Round "1"]
[White "Witik"]
[Black "Aleksandr_Kozak"]
[Result "1-0"]
[WhiteElo "2607"]
[BlackElo "2265"]
[TimeControl "180+2"]
[EndTime "13:06:34 PST"]
[Termination "Witik won on time"]

1. d4 d5 2. Bf4 e6 3. e3 f5 4. g4 Nf6 5. gxf5 exf5 6. Nf3 Bd6 7.
Rg1 O-O 8. Ne5 c5 9. Nc3 Nc6 10. Bb5 Qc7 11. Bxc6 bxc6 12. Qf3 cxd4 13. exd4 Ng4 14.
O-O-O Nxe5 15. dxe5 Bxe5 16. Nxd5 Bxf4+ 17. Nxf4 Rb8 18. Nh5 g6 19. Qc3 Qf7 20. Rd6 Qe7 21. Rgxg6+ hxg6 22.
Rxg6+ Kf7 23. Rg7+ Ke8 24. Rxe7+ Kxe7 25. Qe5+ Be6 26.
Nf4 1-0

[Event "*** Titled Tuesday Blitz"]
[Site "Chess.com"]
[Date "2019.12.03"]
[Round "1"]
[White "chessdjw"]
[Black "MathiasWomacka"]
[Result "1-0"]
[WhiteElo "2678"]
[BlackElo "2324"]
[TimeControl "180+2"]
[EndTime "13:06:41 PST"]
[Termination "chessdjw won by resignation"]

1. c4 c5 2. Nf3 Nf6 3. Nc3 e6 4. g3 b6 5. Bg2 Bb7 6. O-O Be7 7.
d4 cxd4 8. Qxd4 d6 9. Rd1 a6 10. Be3 Nbd7 11. Qd2 O-O 12. Bf4 Ne8 13. Rac1 Rc8 14. b3 h6 15. h3 Qc7 16. g4 Nc5 17. h4 Nf6 18. g5 hxg5 19. hxg5 Nfe4 20. Nxe4 Nxe4 21. Qe3 g6 22. Nh2 e5 23. Bxe4 exf4 24. Qxf4 Bxe4 25. Qxe4 Bxg5 26. e3 Bf6 27. Ng4 Bg7 28. Qf4 Rfd8 29. Nf6+ Bxf6 30. Qxf6 b5 31. Kg2 Qc6+ 32. Rd5 bxc4 33. bxc4 Qe8 34. Rh1 Qe4+ 35. f3 1-0

[Event "*** Titled Tuesday Blitz"]
[Site "Chess.com"]
[Date "2019.12.03"]
[Round "1"]
[White "xamax2000"]
[Black "brendan174"]
[Result "1-0"]
[WhiteElo "2567"]
[BlackElo "2132"]
[TimeControl "180+2"]
[EndTime "13:06:41 PST"]
[Termination "xamax2000 won by resignation"]

1. e4 e5 2. Nf3 Nc6 3. Bb5 g6 4. c3 Nge7 5. d4 exd4 6. cxd4 d5 7. exd5 Nxd5 8. O-O Bg7 9. Bg5 Qd6 10. Re1+ Be6 11. Nbd2 O-O 12. Ne4 Qb4 13. Bxc6 bxc6 14. Qc1 Rfe8 15.
a3 Qb6 16. Nc5 Bf5 17. Bd2 Rad8 18. Ne5 f6 19. Nc4 Qb8 20. b4 Nb6 21. Na5 Qa8 22. Rxe8+ Rxe8 23. Bf4 Nd5 24. Bg3 h5 25. h3 Kh7 26.
Qd1 Bh6 27. Qa4 Nc3 28. Qxc6 Qxc6 29. Nxc6 Ne2+ 30. Kh2 Nxg3 31. Kxg3 Re2 32. Kf3 Re8 33. g4 hxg4+ 34. hxg4 Bc8 35. d5 Bf8 36. Nxa7 Rd8 37. Rd1 1-0

[Event "*** Titled Tuesday Blitz"]
[Site "Chess.com"]
[Date "2019.12.03"]
[Round "1"]
[White "Satscho"]
[Black "oskariot"]
[Result "0-1"]
[WhiteElo "2329"]
[BlackElo "2697"]
[TimeControl "180+2"]
[EndTime "13:06:42 PST"]
[Termination "oskariot won by resignation"]

1. e4 e6 2. d3 d5 3. Nd2 c5 4. Ngf3 Nc6 5. g3 Nge7 6. Bg2 g6 7. O-O Bg7 8. Re1 b6 9. c3 Ba6 10. Qc2 dxe4 11. dxe4 Qd3 12. Qxd3 Bxd3 13. Bf1 Rd8 14.
Bxd3 Rxd3 15. Nc4 Rxf3 16. Be3 f5 17. Nd6+ Kf8 18. Kg2 fxe4 19. Nxe4 Rf5 20. Ng5 Nd5 21. Nxe6+ Kf7 22. Bd2 h6 23. f4 Re8 24. g4 Rf6 25. f5 gxf5 26. gxf5 Rxf5 27. Nxg7 Rxe1 28. Rxe1 Kxg7 29. Bxh6+ Kxh6 0-1

[Event "*** Titled Tuesday Blitz"]
[Site "Chess.com"]
[Date "2019.12.03"]
[Round "1"]
[White "LawrenceTrent"]
[Black "Nancy11111"]
[Result "0-1"]
[WhiteElo "2659"]
[BlackElo "2344"]
[TimeControl "180+2"]
[EndTime "13:06:44 PST"]
[Termination "Nancy11111 won by checkmate"]

1. d4 d5 2. Bg5 h6 3. Bh4 Nd7 4. e3 Ngf6 5. f4 Ne4 6. Nf3 Ndf6 7. Nbd2 Bg4 8. h3 Nxd2 9. Qxd2 Bxf3 10. gxf3 Qd7 11. c4 dxc4 12. Bxc4 e6 13. Qe2 a6 14. O-O-O b5 15. Bb3 a5 16. Bxf6 gxf6 17. d5 e5 18.
fxe5 fxe5 19. Kb1 a4 20. Bc2 a3 21. Be4 Bd6 22. Qc2 Ra6 23. b3 Rf8 24. Bf5 Qe7 25. h4 Qf6 26. Bd3 Rb6 27. Bxb5+ Ke7 28. Bc4 Qxf3 29. Rhf1 Qxe3 30. Qf5 Qc3 31. Qf3 Qb2# 0-1

[Event "*** Titled Tuesday Blitz"]
[Site "Chess.com"]
[Date "2019.12.03"]
[Round "1"]
[White "ShahMatKanal"]
[Black "sergoy"]
[Result "0-1"]
[WhiteElo "2481"]
[BlackElo "2907"]
[TimeControl "180+2"]
[EndTime "13:06:46 PST"]
[Termination "sergoy won by resignation"]

1. d4 Nf6 2. Bf4 g6 3. e3 Bg7 4. Nf3 O-O 5. h3 d6 6. Be2 Nfd7 7.
O-O e5 8. Bh2 Nc6 9. c3 Qe7 10.
a4 e4 11. Nfd2 f5 12. a5 a6 13. b4 Nf6 14. Qb3+ Kh8 15. Na3 g5 16. c4 f4 17. Nc2 f3 18. gxf3 Bxh3 19. fxe4 Bxf1 20. Bxf1 Nxe4 21. Nxe4 Qxe4 22. Bg2 Qf5 23. Rf1 h5 24. d5 Ne7 25. Nd4 Bxd4 26. exd4 Ng6 27. c5 Nf4 28. Bxf4 Qxf4 29. c6 bxc6 30. dxc6 Rae8 31.
b5 axb5 32. Qxb5 Re1 33. Rxe1 Qxf2+ 34. Kh2 Qh4+ 35. Kg1 Qxe1+ 36. Kh2 Qh4+ 37. Kg1 Qxd4+ 38. Kh1 Qh4+ 39. Kg1 Qe1+ 40. Kh2 Qe5+ 0-1

[Event "*** Titled Tuesday Blitz"]
[Site "Chess.com"]
[Date "2019.12.03"]
[Round "1"]
[White "Squirlolz"]
[Black "Micki-taryan"]
[Result "1-0"]
[WhiteElo "2550"]
[BlackElo "2985"]
[TimeControl "180+2"]
[EndTime "13:06:53 PST"]
[Termination "Squirlolz won by checkmate"]

1. e4 c5 2. c3 Nf6 3. e5 Nd5 4. Bc4 Nb6 5. Bb3 d5 6. d4 c4 7.
Bc2 g6 8. Nf3 Bg4 9. O-O e6 10.
Nbd2 Nc6 11. b3 cxb3 12. axb3 Be7 13. h3 Bf5 14. Ba3 Bxc2 15. Qxc2 Rc8 16. Qd3 O-O 17. Rfc1 Bxa3 18. Rxa3 a6 19. Qe3 Kg7 20. Nh2 Nd7 21. Ng4 h5 22. Qh6+ Kg8 23. Nf3 Nxd4 24. Ng5 Ne2+ 25.
Kf1 Qxg5 26. Qxg5 Nxc1 27. Nf6+ Nxf6 28. exf6 Kh7 29. Qxc1 d4 30. c4 e5 31. g4 Rc6 32.
Qg5 Re8 33. gxh5 Ree6 34. hxg6+ fxg6 35. f7 Kg7 36. Ra5 e4 37. Qd8 Kxf7 38. Qxd4 Rcd6 39. Rd5 Rb6 40. Rd7+ Ke8 41. Rh7 Rbd6 42. Qh8# 1-0

[Event "*** Titled Tuesday Blitz"]
[Site "Chess.com"]
[Date "2019.12.03"]
[Round "1"]
[White "OparinGrigoriy"]
[Black "SONOFHOLYGOD"]
[Result "1-0"]
[WhiteElo "3019"]
[BlackElo "2510"]
[TimeControl "180+2"]
[EndTime "13:06:56 PST"]
[Termination "OparinGrigoriy won on time"]

1. Nf3 Nf6 2. c4 e6 3. Nc3 d5 4. e3 Be7 5. b3 O-O 6. Bb2 b6 7. cxd5 exd5 8. Rg1 c5 9. d4 a6 10. g4 Bxg4 11. Be2 Nc6 12. dxc5 bxc5 13. Nxd5 Nxd5 14. Rxg4 Bf6 15. Qc1 Ndb4 16. a3 Nd5 17. Qc2 Kh8 18.
O-O-O Qc8 19. Ng5 Bxb2+ 20. Kxb2 Nf6 21. Rh4 h6 22. Rd6 Qc7 23. Rxf6 Qe5+ 24. Qc3 Qxg5 25. Rfxh6+ 1-0

[Event "*** Titled Tuesday Blitz"]
[Site "Chess.com"]
[Date "2019.12.03"]
[Round "1"]
[White "ElGasanov"]
[Black "MateSchmate"]
[Result "1-0"]
[WhiteElo "2662"]
[BlackElo "2316"]
[TimeControl "180+2"]
[EndTime "13:06:58 PST"]
[Termination "ElGasanov won by checkmate"]

1. d4 Nf6 2. c4 e6 3. Nf3 d5 4.
e3 Be7 5. b3 O-O 6. Bd3 dxc4 7.
bxc4 c5 8. O-O Nc6 9. Bb2 Qb6 10. Qc1 Rd8 11. Rd1 Bd7 12. Nc3 cxd4 13. exd4 Rac8 14.
Rb1 Qc7 15. Ne4 Nb4 16. Nxf6+ Bxf6 17. Be2 Ba4 18. Rd2 Nxa2 19. Qe1 Nb4 20. Rc1 h6 21. Bf1 Bc6 22. d5 exd5 23. Bxf6 gxf6 24. Rd4 a5 25. Qe3 dxc4 26. Rg4+ Kf8 27. Re1 f5 28.
Qxh6# 1-0

[Event "*** Titled Tuesday Blitz"]
[Site "Chess.com"]
[Date "2019.12.03"]
[Round "1"]
[White "Frolik67"]
[Black "Bagirova"]
[Result "1-0"]
[WhiteElo "2537"]
[BlackElo "2101"]
[TimeControl "180+2"]
[EndTime "13:06:59 PST"]
[Termination "Frolik67 won by checkmate"]

1. e4 c5 2. d4 cxd4 3. c3 d3 4. Bxd3 g6 5. c4 Bg7 6. Nc3 d6 7. Nge2 Nf6 8. O-O O-O 9. f3 Nfd7 10. Be3 a6 11. Rc1 Nc6 12. b3 Nc5 13. Bb1 Ne6 14. Qd2 Rb8 15. a4 Bd7 16. Rfd1 Nc7 17.
c5 Ne8 18. Bf4 e5 19. Bg5 f6 20. Be3 Be6 21. cxd6 Bxb3 22. Ba2 Bf7 23. Bc5 Qd7 24. Nd5 Bxd5 25. Qxd5+ Kh8 26. Nc3 f5 27. Qe6 Rd8 28.
Qxd7 Rxd7 29. Be6 Rd8 30. d7 Nc7 31. Bxf8 Nxe6 32. Bxg7+ Kxg7 33. Rb1 Nc5 34. Rd5 Nxd7 35. Rxb7 Nb8 36. Rxb8 Rxb8 37. Rxd7+ Kf6 38. Nd5+ Kg5 39. Rxh7 Rb1+ 40. Kf2 Rb2+ 41. Ke3 f4+ 42. Kd3 Rxg2 43. h4# 1-0

[Event "*** Titled Tuesday Blitz"]
[Site "Chess.com"]
[Date "2019.12.03"]
[Round "1"]
[White "x-3738459472"]
[Black "PawnEatingZombie"]
[Result "1-0"]
[WhiteElo "2552"]
[BlackElo "2124"]
[TimeControl "180+2"]
[EndTime "13:07:03 PST"]
[Termination "x-3738459472 won on time"]

1. d4 d5 2. Bf4 e6 3. e3 Nf6 4. Nf3 Bd6 5. Bg3 c5 6. c3 Qc7 7. Nbd2 Nbd7 8. Be2 b6 9. O-O Bb7 10. b4 O-O 11. a4 e5 12. a5 e4 13. Nh4 Bxg3 14. fxg3 Rae8 15. Qb3 c4 16. Qd1 b5 17. Bg4 Bc8 18. Bxd7 Bxd7 19. Rxf6 gxf6 20. Qh5 Qd6 21. Rf1 f5 22. Nxf5 Bxf5 23. Rxf5 Rd8 24. Nf1 f6 25. g4 Qe6 26. Ng3 Rf7 27. Rf4 Kh8 28. Nf5 Rg8 29. Nh6 Rg6 30. Nxf7+ Qxf7 31. Rf5 Qg8 32. Qh4 1-0

[Event "*** Titled Tuesday Blitz"]
[Site "Chess.com"]
[Date "2019.12.03"]
[Round "1"]
[White "kuli4ik"]
[Black "BigAl"]
[Result "1-0"]
[WhiteElo "2810"]
[BlackElo "2443"]
[TimeControl "180+2"]
[EndTime "13:07:05 PST"]
[Termination "kuli4ik won by checkmate"]

1. Nf3 Nf6 2. g3 g6 3. b3 Bg7 4. Bb2 d5 5. c4 c6 6. Bg2 O-O 7. O-O a5 8. Nc3 Na6 9. cxd5 cxd5 10.
Rc1 d4 11. Nb5 d3 12. e3 Be6 13. Nc3 Rc8 14. Nd4 Bg4 15. f3 Bd7 16. f4 Nc5 17. h3 Qb6 18. Kh2 h5 19. Ba3 Rfe8 20. Nf3 a4 21.
bxa4 Qa5 22. Ne5 Bxa4 23. Nxa4 Nxa4 24. Qb3 Rxc1 25. Qxf7+ Kh7 26. Qxg6+ Kh8 27. Rxc1 Rf8 28. Qxd3 Kg8 29. Bxe7 Nb2 30. Qb3+ Kh7 31. Bxf8 Qxd2 32. Rc2 Qe1 33. Bxg7 h4 34. gxh4 Nh5 35. Be4+ Kxg7 36. Qf7+ Kh6 37. Qg6# 1-0

[Event "*** Titled Tuesday Blitz"]
[Site "Chess.com"]
[Date "2019.12.03"]
[Round "1"]
[White "Kawhi_Leonard2"]
[Black "VincentKeymer"]
[Result "0-1"]
[WhiteElo "2264"]
[BlackElo "2609"]
[TimeControl "180+2"]
[EndTime "13:07:05 PST"]
[Termination "VincentKeymer won by checkmate"]

1. e4 c5 2. Nf3 e6 3. d4 cxd4 4.
Nxd4 a6 5. Nc3 Qc7 6. Be2 Nf6 7. O-O Nc6 8. Be3 Be7 9. f4 d6 10. Kh1 O-O 11. Bf3 Nxd4 12. Qxd4 e5 13. Qd3 Be6 14. Nd5 Bxd5 15. exd5 Nd7 16. c4 f5 17. Be2 e4 18.
Qd2 Bf6 19. Rab1 a5 20. b3 Nc5 21. Rfc1 b6 22. a3 Kh8 23. b4 axb4 24. axb4 Nd7 25. c5 bxc5 26. Bb5 Rfb8 27. Bc6 Ra3 28. bxc5 Nxc5 29.
Bxc5 dxc5 30. d6 Qd8 31. Rxb8 Qxb8 32. Qd5 Rd3 33. Qxf5 Qxd6 34. Qc8+ Bd8 35. g3 e3 36. Be4 Rd1+ 37. Rxd1 Qxd1+ 38. Kg2 e2 39. Bf3 Qf1# 0-1

[Event "*** Titled Tuesday Blitz"]
[Site "Chess.com"]
[Date "2019.12.03"]
[Round "1"]
[White "coalescenet"]
[Black "Elshan1985"]
[Result "0-1"]
[WhiteElo "2359"]
[BlackElo "2727"]
[TimeControl "180+2"]
[EndTime "13:07:09 PST"]
[Termination "Elshan1985 won by resignation"]

1. d4 g6 2. c4 Bg7 3. Nf3 c5 4. d5 b5 5. cxb5 a6 6. bxa6 Nf6 7. Nc3 O-O 8. e4 d6 9. Be2 Bxa6 10. O-O Bxe2 11. Qxe2 Nbd7 12. a4 Qa5 13. Ra3 Rfb8 14. Nb5 Qb4 15. Bg5 Rxa4 16. Rxa4 Qxa4 17. Nc3 Qb3 18.
e5 Nxd5 19. exd6 exd6 20. Nxd5 Qxd5 21. Rd1 Qc6 22. h4 h6 23. Bc1 d5 24. Bf4 Ra8 25.
Qd2 d4 26. Bxh6 Ne5 27. Nxe5 Bxe5 28. h5 Re8 29. Re1 Bg7 30. Rxe8+ Qxe8 31. Bxg7 Kxg7 32. Qg5 Qe1+ 33. Kh2 Qxf2 34. Qxc5 Qf4+ 35. Kh1 gxh5 36. Qxh5 d3 37. Qh3 d2 38. Qc3+ f6 39. Qc2 Qh4+ 40.
Kg1 Qd4+ 41. Kh2 d1=Q 42. Qc7+ Qd7 43. Qg3+ Q1g4 0-1

[Event "*** Titled Tuesday Blitz"]
[Site "Chess.com"]
[Date "2019.12.03"]
[Round "1"]
[White "nickmatta"]
[Black "francyIM"]
[Result "0-1"]
[WhiteElo "2235"]
[BlackElo "2587"]
[TimeControl "180+2"]
[EndTime "13:07:10 PST"]
[Termination "francyIM won by resignation"]

1. d4 Nf6 2. c4 e6 3. Nc3 Bb4 4. g3 O-O 5. Bg2 d6 6. Nf3 Bxc3+ 7. bxc3 a5 8. O-O b6 9. Nd2 Ra7 10. Rb1 Bb7 11. e4 a4 12. Ba3 Nfd7 13. Rb4 Na6 14.
Rxa4 Bc6 15. e5 Bxa4 16. Qxa4 dxe5 17. Bxf8 Nxf8 18. Nf3 Qd7 19. Qa3 f6 20. dxe5 c5 21.
exf6 gxf6 22. Qb3 Qd6 23. Rd1 Qb8 24. Nd2 f5 25. Nf3 Rd7 26. Rxd7 Nxd7 27. Qb5 Qc8 28. Ng5 Nf8 29. Qb2 Qd8 30. Qe2 Qxg5 31. f4 Qd8 32. h4 Nc7 33. Qe5 Ne8 34. Kh2 Qd6 35. Qe3 Nf6 36.
Bf3 N8d7 37. Kh3 Kg7 38. a4 h6 39. Qe2 e5 40. fxe5 Qxe5 41. Qd3 f4 42. g4 Qe3 43. Qe2 Ne5 44. Qxe3 fxe3 45. Be2 Ne4 46. g5 hxg5 0-1

[Event "*** Titled Tuesday Blitz"]
[Site "Chess.com"]
[Date "2019.12.03"]
[Round "1"]
[White "VladimirBelous"]
[Black "Egorov_Pavel"]
[Result "1-0"]
[WhiteElo "2750"]
[BlackElo "2379"]
[TimeControl "180+2"]
[EndTime "13:07:15 PST"]
[Termination "VladimirBelous won on time"]

1. c4 Nf6 2. Nf3 g6 3. Nc3 Bg7 4. e4 d6 5. d4 O-O 6. h3 Nbd7 7. Bg5 e5 8. d5 h6 9. Be3 Nc5 10. Nd2 a5 11. Be2 Ne8 12. g4 c6 13. Nb3 Nxb3 14. axb3 cxd5 15. cxd5 Nc7 16. h4 Bd7 17. h5 g5 18. Bb6 Qc8 19. Bxa5 Na6 20. b4 Nc7 21. b5 b6 22. Bxb6 Rxa1 23. Qxa1 Na8 24. Be3 Bxg4 25. f3 Bd7 26. b6 Qb7 27. Qa7 Rb8 28. Ba6 Qxa7 29.
bxa7 Rxb2 30. O-O Bf6 31. Rb1 Rxb1+ 32. Nxb1 Bd8 33. Bb7 Bb6 34. Bxb6 Nxb6 35. Na3 Kf8 36. Nc4 Nxc4 37. a8=Q+ Ke7 38. Qa6 Ne3 39. Qe2 g4 40. Qxe3 gxf3 41. Qxh6 f2+ 42. Kxf2 1-0

[Event "*** Titled Tuesday Blitz"]
[Site "Chess.com"]
[Date "2019.12.03"]
[Round "1"]
[White "JoakimVonAnd"]
[Black "resha1988"]
[Result "0-1"]
[WhiteElo "2399"]
[BlackElo "2773"]
[TimeControl "180+2"]
[EndTime "13:07:16 PST"]
[Termination "resha1988 won by resignation"]

1. d4 Nf6 2. Nf3 d5 3. Bf4 c5 4. c3 Qb6 5. Qb3 Nc6 6. e3 c4 7. Qc2 Bf5 8. Qc1 e6 9. Nbd2 Qd8 10. h3 h6 11. Be2 Be7 12. O-O O-O 13. Bd1 Bd6 14. Bc2 b5 15. Ne5 Bxe5 16. Bxe5 Nxe5 17. dxe5 Nd7 18. Bxf5 exf5 19. f4 f6 20. exf6 Rxf6 21. Nf3 Qb6 22. Nd4 Nc5 23. Qc2 Re8 24. Rf3 Re4 25. Rd1 a5 26. g4 fxg4 27. hxg4 b4 28. Nf5 Nd3 29. b3 Rxf4 30. Ne7+ Kh8 31. Nxd5 Rxg4+ 32. Kh1 Rxf3 33. Rxd3 Rh3+ 34. Qh2 Rxh2+ 35. Kxh2 Qb8+ 36. Kh3 cxd3 37. Kxg4 d2 0-1